 Dungeon Crawl Stone Soup version 0.27-a0-414-gbb19ded6d3 (webtiles) character file.

Game seed: 10808138066202102621

24363 Anon1729 the Carver (level 12, -7/112 HPs)
             Began as a Minotaur Gladiator on Feb 24, 2021.
             Was an Elder of Dithmenos.
             Mangled by a boulder beetle (28 damage)
             ... on level 12 of the Dungeon.
             The game lasted 00:39:43 (16121 turns).

Anon1729 the Carver (Minotaur Gladiator)           Turns: 16121, Time: 00:39:43

Health: -7/112     AC:  5    Str: 22    XL:     12   Next: 80%
Magic:  16/16      EV: 27    Int:  5    God:    Dithmenos [****..]
Gold:   1745       SH:  0    Dex: 24    Spells: 9/11 levels left

rFire    . . .     SeeInvis .   E - +2 scimitar
rCold    + . .     Faith    .   (no shield)
rNeg     . . .     Spirit   .   C - +1 robe of Twilight {rC+ Dex+10}
rPois    .         Reflect  .   (helmet unavailable)
rElec    .         Harm     .   a - +0 cloak
rCorr    .         Rampage  .   x - +0 pair of gloves
Will     .....                  (no boots)
Stlth    +++.......             p - amulet of the acrobat
HPRegen  0.28/turn              y - ring of flight
MPRegen  0.15/turn              (no ring)

@: wreathed by umbra
A: retaliatory headbutt, horns 3
a: Renounce Religion, Evoke Flight, Shadow Step


You were on level 12 of the Dungeon.
You worshipped Dithmenos.
Dithmenos was greatly pleased with you.
You visited 2 branches of the dungeon, and saw 13 of its levels.
You also visited: Bailey and Gauntlet.

You collected 1796 gold pieces.
You spent 51 gold pieces at shops.

Inventory:

Hand Weapons
 E - a +2 scimitar (weapon)
 H - a +3 great sword of holy wrath
Missiles
 d - 4 throwing nets (quivered)
 J - 19 silver javelins
Armour
 a - a +0 cloak (worn)
 x - a +0 pair of gloves (worn)
 C - the +1 robe of Twilight (worn) {rC+ Dex+10}
   (You found it on level 10 of the Dungeon)

   It affects your dexterity (+10).
   It protects you from cold.
Magical Staves
 P - a staff of fire
Jewellery
 f - a ring of willpower
 p - an amulet of the acrobat (around neck)
 r - an amulet of reflection
 y - a ring of flight (left hand)
 D - an amulet of guardian spirit
 G - a ring of resist corrosion
Wands
 c - a wand of acid (12)
 s - a wand of polymorph (23)
 L - a wand of flame (15)
Scrolls
 e - 2 scrolls of amnesia
 g - 2 scrolls of blinking
 h - 4 scrolls of fog
 i - 7 scrolls of teleportation
 k - 6 scrolls of enchant weapon
 n - 2 scrolls of fear
 q - 2 scrolls of immolation
 B - 2 scrolls of enchant armour
 F - a scroll of torment {unknown}
 K - a scroll of identify
Potions
 b - a potion of heal wounds
 j - 2 potions of mutation
 l - 9 potions of curing
 m - a potion of attraction
 o - 4 potions of brilliance
 t - 2 potions of resistance
 u - 2 potions of degeneration
 v - a potion of invisibility
 w - 3 potions of haste


   Skills:
 + Level 12.1 Fighting
 + Level 14.6 Long Blades
 - Level 2.2 Throwing
 - Level 2.0 Armour
 * Level 13.8 Dodging
 + Level 7.4 Invocations


You had 9 spell levels left.
You knew the following spells:

 Your Spells              Type           Power        Failure   Level
a - Call Imp              Summ           0%           63%         2

Your spell library contained the following spells:

 Spells                   Type           Power        Failure   Level
 Animate Skeleton         Necr           0%           47%         1
 Apportation              Tloc           0%           47%         1
 Beastly Appendage        Tmut           0%           47%         1
 Corona                   Hex            0%           47%         1
 Foxfire                  Conj/Fire      0%           47%         1
 Summon Small Mammal      Summ           0%           47%         1
 Wereblood                Tmut           0%           63%         2
 Call Canine Familiar     Summ           0%           85%         3
 Conjure Flame            Conj/Fire      0%           85%         3
 Inner Flame              Hex/Fire       0%           85%         3
 Lesser Beckoning         Tloc           0%           85%         3
 Spider Form              Tmut/Pois      0%           85%         3
 Summon Guardian Golem    Hex/Summ       0%           85%         3
 Tukima's Dance           Hex            0%           85%         3
 Cause Fear               Hex            0%           99%         4
 Ice Form                 Ice/Tmut       0%           99%         4
 Sticky Flame             Conj/Fire      0%           99%         4
 Summon Ice Beast         Ice/Summ       0%           99%         4
 Summon Lightning Spire   Summ/Air       0%           99%         4
 Alistair's Intoxication  Tmut/Pois      0%           100%        5
 Blade Hands              Tmut           0%           100%        5
 Fireball                 Conj/Fire      0%           100%        5
 Invisibility             Hex            0%           100%        6
 Dragon Form              Tmut           0%           100%        7
 Dragon's Call            Summ           0%           100%        9


Dungeon Overview and Level Annotations

Branches:
Dungeon (12/15)            Temple (1/1) D:5             Orc (0/2) D:10
 Bailey (visited)         Gauntlet (visited)
   Lair: D:8-11

Altars:
Ashenzari
Cheibriados
Dithmenos
Elyvilon
Fedhas
Gozag
Hepliaklqana
Kikubaaqudgha
Makhleb
Nemelex Xobeh
Okawaru
Qazlal
Ru
Sif Muna
Trog
Uskayaw
Vehumet
Wu Jian
Xom
Yredelemnul
Zin
The Shining One

Shops:
D:5 :   D:7 *   D:11 =


Innate Abilities, Weirdness & Mutations

You reflexively headbutt those who attack you in melee.
You have a pair of large horns on your head.


Message History

The boulder beetle stops rolling and uncurls.
You are too injured to fight recklessly!
You are too injured to fight recklessly!
You are too injured to fight recklessly!
You are too injured to fight recklessly!
You are too injured to fight recklessly!
You are too injured to fight recklessly!
You are too injured to fight recklessly!
You are too injured to fight recklessly!
You are too injured to fight recklessly!
You are too injured to fight recklessly!
You are too injured to fight recklessly!
You are too injured to fight recklessly!
You are too injured to fight recklessly!
You are too injured to fight recklessly!
Unknown command.
You closely miss the troll. Your headbutt misses the troll.
The troll completely misses you. You furiously retaliate!
You headbutt the troll! The troll misses you. The troll barely misses you.
You hit the troll. You headbutt the troll.
The troll is heavily wounded.
The troll misses you. You furiously retaliate!
You headbutt the troll, but do no damage.
The troll misses you. x2
You slash the troll! You headbutt the troll.
The troll is almost dead.
You hit the troll. Your headbutt misses the troll.
The troll is almost dead.
The troll misses you. x2; The troll claws you!
* * * LOW HITPOINT WARNING * * *
Unknown command.
You slash the troll!
You kill the troll!
Dithmenos accepts your kill.
You slash the boulder beetle!
You headbutt the boulder beetle, but do no damage.
The boulder beetle is severely wounded.
Your shadow hits the boulder beetle but does no damage.
The boulder beetle bites you!!
You die...

#.#....## ##.....#
#.###:..###...#...
#...##.......###..
#°...##.....##.##.
#§°...#..⌠..#...#.
#§§§.##.....##.##.
#§§§##.......#'#..
#B###...###.......
#@#....##.##.....#
#§#...##..('.....'
#.#....##.##.....#
#.###...###.......
#...##.......#'#..
#....##..(..##.##.
#.....#..⌠..#...#.
#)...##.....##.##.
#)†.##.......###..


You could see a boulder beetle.

Vanquished Creatures
  A minotaur (Gauntlet)
  A deep elf annihilator (D:12)
  Harold (D:10)
  2 two-headed ogres
  A centaur warrior (D:12)
  3 slime creatures
  A skeletal warrior (D:12)
  An unseen horror (D:10)
  A wolf spider zombie (D:12)
  Pikel (D:5)
  2 ugly things (D:12)
  A shining eye (Gauntlet)
  Maurice (D:11)
  A gargoyle (D:12)
  4 centaur skeletons
  Maggie (D:8)
  A freezing wraith (D:12)
  3 trolls
  A hornet (D:12)
  A dream sheep (shapeshifter) (D:12)
  5 flying skulls (Gauntlet)
  A wraith (D:10)
  4 yaks (D:12)
  A wyvern (D:12)
  3 shadows
  2 golden eyes (Gauntlet)
  2 vampire mosquitoes (D:12)
  A soldier ant (D:12)
  An acid dragon (D:12)
  Duvessa (D:4)
  8 orc warriors
  A sky beast (D:12)
  4 ice beasts
  A necrophage (D:4)
  3 ogres
  A black bear (D:9)
  3 centaurs
  3 lemures (D:7)
  A kobold brigand (D:7)
  8 bullfrogs
  A wyvern zombie (D:7)
  3 scorpions
  Dowan (D:4)
  18 killer bees
  8 wights
  4 electric eels (D:11)
  3 howler monkeys (D:7)
  5 jellies
  2 hounds (D:8)
  3 orc priests
  A bullfrog skeleton (D:9)
  3 orc wizards
  2 iguanas (D:7)
  10 worker ants
  A killer bee zombie (D:10)
  A gnoll (Bailey)
  A howler monkey skeleton (D:7)
  10 adders
  4 white imps
  3 ufetubi
  2 oozes
  An adder skeleton (D:7)
  An adder zombie (D:10)
  2 worms
  3 leopard geckos
  24 orcs
  7 bats
  7 giant cockroaches
  9 goblins
  9 hobgoblins
  8 jackals
  6 quokkas
  5 frilled lizards
  A jackal skeleton (D:5)
  21 kobolds
  A quokka zombie (D:7)
  5 rats
279 creatures vanquished.

Notes
Turn   | Place    | Note
-------+----------+-------------------------------------------
     0 | D:1      | Anon1729 the Minotaur Gladiator began the quest for the
                  | Orb.
     0 | D:1      | Reached XP level 1. HP: 18/18 MP: 0/0
   124 | D:1      | Reached skill level 4 in Long Blades
   124 | D:1      | Reached XP level 2. HP: 21/25 MP: 1/1
   533 | D:1      | Reached XP level 3. HP: 29/30 MP: 2/2
   992 | D:2      | Found a hazy altar of Hepliaklqana.
  1833 | D:3      | Reached XP level 4. HP: 35/38 MP: 3/3
  1876 | D:3      | Reached skill level 5 in Long Blades
  2437 | D:4      | Reached XP level 5. HP: 39/45 MP: 4/4
  2532 | D:4      | Noticed a necrophage
  2539 | D:4      | Killed a necrophage
  2540 | D:4      | Reached skill level 6 in Long Blades
  2824 | D:4      | Reached XP level 6. HP: 42/52 MP: 5/5
  3354 | D:4      | Reached skill level 5 in Dodging
  3601 | D:4      | Reached skill level 7 in Long Blades
  3716 | D:4      | Noticed Dowan
  3716 | D:4      | Noticed Duvessa
  3752 | D:4      | Killed Dowan
  3753 | D:4      | Reached XP level 7. HP: 60/60 MP: 6/6
  3807 | D:5      | Entered Level 5 of the Dungeon
  3882 | D:4      | Killed Duvessa
  3883 | D:4      | Reached skill level 5 in Fighting
  4378 | D:5      | Found a staircase to the Ecumenical Temple.
  4561 | D:5      | Found Xisuzim's Book Boutique.
  4689 | Temple   | Entered the Ecumenical Temple
  4898 | Temple   | Became a worshipper of Dithmenos the Shadowed
  5273 | D:6      | Reached skill level 8 in Long Blades
  5525 | D:7      | Noticed Pikel
  5599 | D:7      | HP: 1/61 [white imp/puff of frost (12)]
  5886 | D:7      | Reached XP level 8. HP: 55/70 MP: 7/7
  5955 | D:7      | Reached skill level 9 in Long Blades
  6485 | D:7      | Found Kidwiw's Assorted Antiques.
  6704 | D:7      | Bought a bubbling puce potion for 24 gold pieces
  6704 | D:7      | Bought a scroll labelled BUNKIPNUURO for 27 gold pieces
  6731 | D:7      | Reached skill level 10 in Long Blades
  7051 | D:5      | Killed Pikel
  7051 | D:5      | Reached * piety under Dithmenos
  7052 | D:5      | Reached XP level 9. HP: 18/79 MP: 8/8
  8105 | D:8      | Found a flagged portal.
  8166 | D:8      | Reached skill level 1 in Armour
  8225 | Bailey   | Entered a bailey
  8230 | Bailey   | Noticed an orc warlord
  8252 | Bailey   | Reached skill level 11 in Long Blades
  8426 | Bailey   | Found a runed translucent gate.
  8426 | Bailey   | Found a runed translucent gate.
  8461 | Bailey   | Found a runed translucent gate.
  8809 | Bailey   | Noticed a death yak
  8809 | Bailey   | an orc warlord changed into a death yak
  8977 | Bailey   | Identified a scroll of acquirement
  8977 | Bailey   | Acquired 952 gold pieces
  9396 | D:8      | Reached ** piety under Dithmenos
  9804 | D:8      | Noticed Maggie
  9838 | D:8      | Killed Maggie
  9839 | D:8      | Reached skill level 12 in Long Blades
 10047 | D:8      | Reached XP level 10. HP: 82/90 MP: 9/9
 10390 | D:9      | Identified a jewelled leather armour
 10546 | D:9      | Noticed a two-headed ogre
 10563 | D:9      | Killed a two-headed ogre
 10564 | D:9      | Reached skill level 1 in Invocations
 10755 | D:9      | Noticed a two-headed ogre
 10803 | D:10     | Entered Level 10 of the Dungeon
 11074 | D:10     | Found a staircase to the Orcish Mines.
 11081 | D:10     | Noticed Harold
 11096 | D:10     | Reached skill level 10 in Fighting
 11096 | D:10     | Reached skill level 13 in Long Blades
 11096 | D:10     | Reached XP level 11. HP: 30/101 MP: 10/13
 11101 | D:10     | Killed Harold
 11477 | D:10     | Killed an unseen horror
 11478 | D:10     | Reached skill level 5 in Invocations
 12118 | D:10     | Reached *** piety under Dithmenos
 12218 | D:10     | Identified a sheer robe
 12692 | D:11     | Noticed a four-headed hydra
 13040 | D:11     | Noticed Maurice
 13056 | D:11     | Found a gate leading to a gauntlet.
 13065 | Gauntlet | Entered a Gauntlet
 13065 | Gauntlet | Found a transporter.
 13065 | Gauntlet | Found a transporter.
 13065 | Gauntlet | Found a transporter.
 13065 | Gauntlet | Found a transporter.
 13069 | Gauntlet | Found a transporter.
 13080 | Gauntlet | Found a transporter.
 13084 | Gauntlet | Found a large runed translucent door.
 13084 | Gauntlet | Found a large runed translucent door.
 13085 | Gauntlet | Found a large runed translucent door.
 13085 | Gauntlet | Found a large runed translucent door.
 13086 | Gauntlet | Found a large runed translucent door.
 13086 | Gauntlet | Found a large runed translucent door.
 13086 | Gauntlet | Found a large runed translucent door.
 13086 | Gauntlet | Found a large runed translucent door.
 13087 | Gauntlet | Found a runed translucent door.
 13087 | Gauntlet | Found a runed translucent gate.
 13087 | Gauntlet | Noticed a shining eye
 13101 | Gauntlet | Noticed a wretched star
 13112 | Gauntlet | Found a transporter.
 13123 | Gauntlet | Found a transporter.
 13123 | Gauntlet | Found a runed translucent gate.
 13124 | Gauntlet | Found a runed translucent gate.
 13125 | Gauntlet | Found a large runed translucent door.
 13126 | Gauntlet | Found a large runed translucent door.
 13127 | Gauntlet | Found a large runed translucent door.
 13134 | Gauntlet | Found a large runed translucent door.
 13136 | Gauntlet | Found a large runed translucent door.
 13136 | Gauntlet | Found a large runed translucent door.
 13136 | Gauntlet | Found a runed translucent door.
 13137 | Gauntlet | Found a large runed translucent door.
 13138 | Gauntlet | Found a large runed translucent door.
 13140 | Gauntlet | Found a transporter.
 13148 | Gauntlet | Found a transporter.
 13165 | Gauntlet | Found a transporter.
 13221 | Gauntlet | Found a transporter.
 13847 | Gauntlet | Learned a level 2 spell: Call Imp
 13884 | Gauntlet | Gained mutation: You have a pair of large horns on your
                  | head. [a shining eye]
 13886 | Gauntlet | Killed a shining eye
 14077 | Gauntlet | Noticed a minotaur
 14087 | Gauntlet | Killed a minotaur
 14088 | Gauntlet | Reached XP level 12. HP: 76/110 MP: 9/15
 14092 | Gauntlet | Identified a steaming spear
 14244 | D:11     | Found Weubb's Jewellery Shoppe.
 14332 | D:11     | Killed Maurice
 14333 | D:11     | Reached skill level 14 in Long Blades
 15172 | D:12     | Noticed a deep elf annihilator
 15220 | D:12     | Killed a deep elf annihilator
 15627 | D:12     | Reached **** piety under Dithmenos
 15753 | D:12     | Paralysed by an orc warrior for 4 turns
 15754 | D:12     | Noticed a centaur warrior
 15764 | D:12     | Killed a centaur warrior
 16041 | D:12     | Noticed a two-headed ogre
 16054 | D:12     | Killed a two-headed ogre
 16095 | D:12     | Noticed a boulder beetle
 16121 | D:12     | Mangled by a boulder beetle

Illustrated notes

Levels and vault maps discovered:
D:1:      eino_arrival_druids_welcome, layout_loops_ring
D:2:      wander_river, layout_basic, lemuel_crystal_altar
D:3:      layout_rooms
D:4:      layout_cave_pods, serial_glass, glass_columns_b, glass_columns_a,
          glass_columns_a, glass_columns_c, glass_columns_a,
          due_unseen_surprise, minmay_strange_pillars, uniq_duvessa
D:5:      layout_basic, minmay_temple_entry_statues_fountains, serial_shops,
          shop, corexii_corridor_pit
D:6:      layout_rooms
D:7:      layout_basic, serial_shops, kennysheep_mini, uniq_pikel
D:8:      layout_cave_pods, enter_bailey_8, uniq_maggie
D:9:      layout_irregular_city, erik_lair_dragon
D:10:     layout_cross, orc_0_dummy, uniq_harold
D:11:     layout_gridville, gauntlet_entry_generic, serial_shops, shop,
          kennysheep_boxes, uniq_maurice
D:12:     minmay_connected_boxes_in_corner, layout_rooms, serial_shops, shop,
          basic_altar
Temple:   kilobyte_greek_temple

Skill      XL: |  1  2  3  4  5  6  7  8  9 10 11 12 |
---------------+-------------------------------------+-----
Long Blades    | 4 5 6 7 8 10 12 13 14 | 14.6
Fighting       | 3 4 5 7 8 10 11 12 | 12.1
Dodging        | 4 5 6 7 8 11 12 13 | 13.8
Armour         | 2 |  2.0
Invocations    | 4 6 7 |  7.4
Throwing       | |  2.2

Action                   |  1- 3 |  4- 6 |  7- 9 | 10-12 || total
-------------------------+-------+-------+-------+-------++-------
Melee: Long sword        |    71 |    86 |   278 |    89 ||   524
       Headbutt          |    11 |    13 |    70 |   122 ||   216
       Scimitar          |       |       |       |   225 ||   225
 Cast: Call Imp          |       |       |       |     4 ||     4
Evoke: Wand              |       |       |     1 |     2 ||     3
  Use: Potion            |       |       |     3 |     1 ||     4
       Scroll            |       |       |    17 |     2 ||    19
 Stab: Sleeping          |       |       |     1 |     3 ||     4
       Distracted        |       |       |       |     4 ||     4
Armor: Leather armour    |    17 |    22 |    30 |    17 ||    86
       Steam dragon scal |       |       |       |     5 ||     5
       Robe              |       |       |       |    13 ||    13
Dodge: Dodged            |    41 |    72 |   347 |   367 ||   827
Block: Other             |       |       |    18 |       ||    18
       Rpst.: Long sword |     6 |    23 |    65 |    30 ||   124
       Scimitar          |       |       |       |    41 ||    41

Table legend: (Time is in decaauts)
 A = Elapsed time spent in this place.
 B = Non-inter-level travel time spent in this place.
 C = Inter-level travel time spent in this place.
 D = Time resting spent in this place.
 E = Time spent auto-exploring this place.
 F = Levels seen in this place.
 G = Mean time per level.
                   A        B        C        D        E       F      G
               +--------+--------+--------+--------+--------+-----+--------+
         Total |  16056 |  15521 |    535 |   2487 |   9891 |  15 | 1070.4 |
       Dungeon |  14046 |  13578 |    468 |   2175 |   9046 |  12 | 1170.5 |
        Temple |    247 |    181 |     66 |      0 |    137 |   1 |  247.0 |
        Bailey |    750 |    750 |      0 |      6 |    389 |   1 |  750.0 |
      Gauntlet |   1012 |   1012 |      0 |    306 |    318 |   1 | 1012.0 |
               +--------+--------+--------+--------+--------+-----+--------+

Top non-repeatable levels by time:
    D:10: 1935 daAuts
     D:7: 1899 daAuts
     D:4: 1652 daAuts
     D:8: 1550 daAuts
     D:5: 1291 daAuts
    D:11: 1269 daAuts
     D:2: 1091 daAuts
Gauntlet: 1012 daAuts
    D:12: 999 daAuts
     D:1: 766 daAuts
  Bailey: 750 daAuts
     D:9: 585 daAuts
     D:3: 565 daAuts
     D:6: 439 daAuts
  Temple: 247 daAuts
